 Dungeon Crawl Stone Soup version 0.31.0-1-g2c135a008e (webtiles) character file.

Game seed: 14354266241866290324

121 qw the Shooter (level 5, -1/40 HPs)
             Began as a Djinni Hunter on Jan 23, 2024.
             Slain by an orc
             ... wielding a +0 whip
              (4 damage)
             ... on level 4 of the Dungeon.
             The game lasted 00:00:07 (2028 turns).

qw the Shooter (Djinni Hunter)                      Turns: 2028, Time: 00:00:08

Health: -1/40      AC:  9    Str: 10    XL:     5   Next: 26%
Gold:   68         EV: 11    Int: 11    God:
                   SH:  0    Dex: 18

rFire   + + .        a - +0 shortbow
rCold   x . .        (shield currently unavailable)
rNeg    . . .        i - +0 ring mail
rPois   inf          g - +0 helmet
rElec   .            d - +1 cloak
rCorr   .            b - +0 pair of gloves
SInv    .            (boots unavailable)
Will    .....        h - amulet of the acrobat
Stlth   +            (no ring)
HPRegen 0.26/turn    (no ring)
MPRegen 0.00/turn

%: acrobat, infuse magic (-2 HP)
@: flying
A: sickness immunity, fire resistance 2, cold vulnerability 1, float, innate
caster, HP casting, extra vitality 1
a: no special abilities


You were on level 4 of the Dungeon.
You visited 1 branch of the dungeon, and saw 4 of its levels.

You collected 68 gold pieces.


Innate Abilities, Weirdness & Mutations

You are immune to sickness and miasma.
You are immune to poison.
Your flesh is very heat resistant. (rF++)
You are vulnerable to cold. (rC-)
You float through the air rather than walking.
You learn spells naturally, not from books.
Your magical power is your life essence.
You have superior vitality. (+4 MHP)


   Skills:
 - Level 3.0 Fighting
 + Level 4.4 Ranged Weapons
 - Level 1.1 Armour
 - Level 2.4 Dodging
 - Level 0.7 Stealth


You knew the following spells:

 Your Spells              Type           Power      Damage    Failure   Level
a - Foxfire               Conj/Fire      0%         2x1d4     65%         1
b - Blink                 Tloc           0%         N/A       80%         2
Your spell library was empty.

Inventory:

Hand Weapons
 a - a +0 shortbow (weapon)
Armour
 b - a +0 pair of gloves (worn)
 d - a +1 cloak (worn)
 g - a +0 helmet (worn)
 i - a +0 ring mail (worn)
Jewellery
 h - an amulet of the acrobat (around neck)
Potions
 e - a potion of enlightenment

Dungeon Overview and Level Annotations

Branches:
Dungeon (4/15)
 Temple: D:4-7

Altars:


Message History

You shoot an arrow. The arrow hits the iguana.
The iguana is moderately wounded.
The iguana bites you.
You shoot an arrow.
The arrow hits the iguana but does no damage.
The iguana is moderately wounded.
The iguana barely misses you. The iguana bites you!
You shoot an arrow.
The arrow hits the iguana but does no damage.
The iguana is moderately wounded.
The iguana bites you!
You shoot an arrow. The arrow barely misses the iguana.
The iguana misses you. The iguana bites you!
2022 ||| READING scroll of teleportation.
As you read the scroll of teleportation, it crumbles to dust.
You feel strangely unstable. The iguana misses you.
You shoot an arrow. The arrow hits the iguana.
The iguana is severely wounded.
The iguana bites you.
You shoot an arrow.
The arrow hits the iguana but does no damage.
The iguana is severely wounded.
The iguana barely misses you.
You shoot an arrow.
The arrow hits the iguana but does no damage.
The iguana is severely wounded.
The iguana bites you but does no damage.
The iguana closely misses you.
You shoot an arrow. The arrow hits the iguana.
The iguana is almost dead.
Your surroundings suddenly seem different.
An orc and a dart slug come into view.
Found a stone.
You shoot an arrow. The arrow hits the dart slug.
The dart slug is moderately wounded.
You shoot an arrow. The arrow hits the dart slug!
You kill the dart slug!
The orc closely misses you. The orc hits you with a +0 whip.
You die...

#####
#...#
#.@.#
#.o.#
+....#
#....#
#....#
#....#
####.(
..###+.###
###
.........
#........


You could see an orc.

Vanquished Creatures
  An orc wizard (D:3)
  A gnoll (D:1)
  3 adders
  A dart slug (D:4)
  A ribbon worm (D:3)
  3 orcs (D:3)
  2 ball pythons
  4 endoplasms
  6 giant cockroaches
  4 goblins
  2 hobgoblins
  4 quokkas
  5 bats
  4 frilled lizards
  6 kobolds
  6 rats
53 creatures vanquished.

Notes
Turn   | Place    | Note
-------+----------+-------------------------------------------
     0 | D:1      | qw the Djinni Hunter began the quest for the Orb.
     0 | D:1      | Reached XP level 1. HP: 18/18 MP: 0/0
     0 | D:1      | 0 ||| qw: Version: 0.3-a-136-gdd3b4e8
     0 | D:1      | 0 ||| qw: Game counter: 978
     0 | D:1      | 0 ||| qw: Melee chars always use a shield: true
     0 | D:1      | 0 ||| qw: God list: Okawaru
     0 | D:1      | 0 ||| qw: Allow faded altars: false
     0 | D:1      | 0 ||| qw: Do Orc after clearing Dungeon:15 true
     0 | D:1      | 0 ||| qw: Do second Lair branch before Depths: true
     0 | D:1      | 0 ||| qw: Lair rune preference: random
     0 | D:1      | 0 ||| qw: Goals: Normal
     0 | D:1      | 0 ||| PLANNING D:1-11
    52 | D:1      | You are sucked into a shaft and drop 1 floor!
    94 | D:2      | Reached XP level 2. HP: 23/23 MP: 0/0
   531 | D:2      | Reached XP level 3. HP: 28/28 MP: 0/0
   531 | D:2      | Learned a level 1 spell: Foxfire
   538 | D:2      | 538 ||| UPGRADING to +0 cloak.
   543 | D:2      | 543 ||| READING scroll labelled FOUMETROLA.
   543 | D:2      | 543 ||| IDENTIFYING scroll labelled VECEESSUSAL
   544 | D:2      | 544 ||| READING scroll of enchant armour.
   544 | D:2      | 544 ||| ENCHANTING +0 cloak.
   545 | D:2      | 545 ||| DROPPING scroll of butterflies.
   550 | D:2      | 550 ||| FLEEEEING.
   551 | D:2      | 551 ||| FLEEEEING.
   552 | D:2      | 552 ||| FLEEEEING.
   553 | D:2      | 553 ||| STAIRDANCE
   559 | D:1      | Reached skill level 4 in Ranged Weapons
   823 | D:1      | Reached XP level 4. HP: 34/34 MP: 0/0
   857 | D:1      | Reached skill level 3 in Fighting
  1183 | D:1      | 1183 ||| UPGRADING to +0 helmet.
  1188 | D:1      | 1188 ||| UPGRADING to +0 ring mail.
  1198 | D:1      | 1198 ||| DROPPING +0 leather armour.
  1199 | D:1      | 1199 ||| UPGRADING to amulet of the acrobat.
  1204 | D:1      | 1204 ||| READING scroll of identify.
  1204 | D:1      | 1204 ||| IDENTIFYING brown potion
  1205 | D:1      | 1205 ||| READING scroll labelled UTOVOA WIROIW.
  1460 | D:3      | HP: 4/35 [frozen (6)]
  1461 | D:3      | Reached skill level 1 in Armour
  1737 | D:3      | 1737 ||| DRINKING 2 bubbling brown potions.
  1738 | D:3      | 1738 ||| DRINKING sedimented blue potion.
  1761 | D:3      | Reached XP level 5. HP: 37/40 MP: 0/0
  1761 | D:3      | Learned a level 2 spell: Blink
  1949 | D:3      | 1949 ||| UPGRADING to +0 pair of gloves.
  1954 | D:3      | 1954 ||| READING 2 scrolls labelled ASAUW CIH LAXOVVIL.
  1957 | D:3      | 1957 ||| DROPPING potion of magic.
  2021 | D:4      | HP: 5/40 [iguana (9)]
  2022 | D:4      | 2022 ||| READING scroll of teleportation.
  2023 | D:4      | HP: 2/40 [iguana (4)]
  2028 | D:4      | Slain by an orc

Levels and vault maps discovered:
D:1:      wander_arrival_desolate, layout_basic
D:2:      layout_basic, kennysheep_another_room
D:3:      layout_rooms
D:4:      layout_basic, hangedman_abyss_or_decor_stagger

Skill      XL: |  1  2  3  4 |
---------------+-------------+-----
Ranged Weapons | 4 |  4.4
Fighting       | 3 |  3.0
Armour         | 1 |  1.1
Dodging        | |  2.4
Stealth        | |  0.7

Action                     |  1- 3 |  4- 6 || total
---------------------------+-------+-------++-------
   Fire: Shortbow          |    85 |   113 ||   198
    Use: Scroll            |     2 |     4 ||     6
         Potion            |       |     2 ||     2
 Armour: Leather armour    |    21 |       ||    21
         Ring mail         |       |    52 ||    52
  Dodge: Dodged            |    26 |    45 ||    71

Table legend:
 A = Non-vault XP
 B = Vault XP
 C = Vault XP percentage of total XP
 D = Non-vault monster count
 E = Vault monster count
 F = Vault count percentage of total count
                 A         B        C        D         E       F
            +---------+---------+-------+---------+---------+-------
      Total |     177 |       0 |   0.0 |      53 |       0 |   0.0
            +---------+---------+-------+---------+---------+-------
        D:1 |      53 |       0 |   0.0 |      25 |       0 |   0.0
        D:2 |      29 |       0 |   0.0 |      10 |       0 |   0.0
        D:3 |      89 |       0 |   0.0 |      16 |       0 |   0.0
        D:4 |       6 |       0 |   0.0 |       2 |       0 |   0.0
            +---------+---------+-------+---------+---------+-------
